 Dungeon Crawl Stone Soup version 0.15.1-2-g8fbdab7 (webtiles) character file.

65 Johnny the Chiller (level 3, -4/28 HPs)
             Began as a Demigod Ice Elementalist on Oct 1, 2014.
             Slain by Crazy Yiuf
             ... wielding a +4 quarterstaff of chaos
              (6 damage)
             ... on Level 2 of the Dungeon.
             The game lasted 00:03:35 (1461 turns).

Johnny the Chiller (Demigod Ice Elementalist)       Turns: 1461, Time: 00:03:36

HP  -4/28        AC  6     Str 11      XL: 3   Next: 66%
MP   2/8         EV  9     Int 20      God:
Gold 114         SH  0     Dex 17      Spells:  1 memorised,  5 levels left

rFire  . . .     SeeInvis .     a - +0 dagger
rCold  . . .     Clarity  .     e - +0 ring mail
rNeg   . . .     rCorr    .     (no shield)
rPois  +         rRot     .     (no helmet)
rElec  .         Spirit   .     (no cloak)
SustAb .         Warding  .     (no gloves)
rMut   .         Stasis   .     m - +0 pair of boots
Gourm  .                        l - amulet of faith
MR     .....                    (no ring)
                                k - ring of poison resistance

@: very slightly contaminated, not resistant to hostile enchantments, unstealthy
A: no striking features
a: no special abilities


You were on level 2 of the Dungeon.
You were not hungry.

You visited 1 branch of the dungeon, and saw 2 of its levels.

You collected 114 gold pieces.

Inventory:

Hand weapons
 a - a +0 dagger (weapon)
Armour
 e - a +0 ring mail (worn)
 m - a +0 pair of boots (worn)
 p - a +0 pair of boots
Comestibles
 c - 4 bread rations
 f - 2 meat rations
 j - a beef jerky
 t - 3 fruits
Scrolls
 d - 3 scrolls of remove curse {unknown}
 g - a scroll of immolation {unknown}
 h - a scroll of amnesia {unknown}
 n - 3 scrolls of magic mapping {unknown}
 o - a scroll of recharging {unknown}
 q - a scroll of fear {unknown}
 s - a scroll of identify {unknown}
Jewellery
 k - a ring of poison resistance (left hand)
 l - an amulet of faith (around neck)
Potions
 i - 3 potions of curing {unknown}
 r - a potion of heal wounds {unknown}
Books
 b - a book of Frost

   Spells                             Type                      Level
   *Freeze                            Ice                          1
   Throw Frost                        Conjuration/Ice              2
   Ozocubu's Armour                   Charms/Ice                   3
   Throw Icicle                       Conjuration/Ice              4
   Summon Ice Beast                   Ice/Summoning                4
   Condensation Shield                Ice                          4


   Skills:
 * Level 1.0 Fighting
 + Level 1.0 Armour
 * Level 2.2 Dodging
 + Level 2.1 Stealth
 * Level 2.1 Spellcasting
   Level 0.8 Conjurations
 * Level 3.1 Ice Magic


You had 5 spell levels left.
You knew the following spells:

 Your Spells              Type           Power        Failure   Level  Hunger
a - Freeze                Ice            ##..         10%         1    #......


Dungeon Overview and Level Annotations

Branches:
Dungeon (2/15)

Annotations:
D:2 Crazy Yiuf


Message History

Aim: Crazy Yiuf, wielding a quarterstaff of chaos and wearing a runed cloak (severely wounded)
You miscast Freeze.
You are very lightly contaminated with residual magic.
Nothing appears to happen.
Crazy Yiuf barely misses you.
Casting: Freeze
Confirm with . or Enter, or press ? or * to list all spells.
Aiming: Freeze
Press: ? - help, Shift-Dir - straight line, f/p - Crazy Yiuf
Aim: Crazy Yiuf, wielding a quarterstaff of chaos and wearing a runed cloak (severely wounded)
You miscast Freeze.
Nothing appears to happen.
Crazy Yiuf hits you with a quarterstaff of chaos!
* * * LOW HITPOINT WARNING * * *
Casting: Freeze
Confirm with . or Enter, or press ? or * to list all spells.
Aiming: Freeze
Press: ? - help, Shift-Dir - straight line, f/p - Crazy Yiuf
Aim: Crazy Yiuf, wielding a quarterstaff of chaos and wearing a runed cloak (severely wounded)
You miscast Freeze.
Nothing appears to happen.
Crazy Yiuf hits you with a quarterstaff of chaos.
You die...

#.#
#.......##.........
#.#
#(......#####.#####
#.# ##......# #.#
#.# ######## #.#
#.## #.#
#..###♣♣♣♣♣ ####.#
##.#.#..♣.♣♣♣ ###
#....#
#.....P.♣..♣#...#
######
#(...P.♣♣♣♣@g...#
##..#.♣♣ ♣♣#..)#
####♣♣ ###


You could see Crazy Yiuf.

Vanquished Creatures
  An adder (D:2)
  A giant mite (D:2)
  2 worms (D:2)
  A giant gecko (D:1)
  An ooze (D:1)
  2 bats
  2 giant cockroaches
  6 goblins
  5 hobgoblins
  2 jackals (D:1)
  A quokka (D:2)
  2 giant newts
  6 kobolds
  5 rats
37 creatures vanquished.

Notes
Turn   | Place    | Note
--------------------------------------------------------------
     0 | D:1      | Johnny, the Demigod Ice Elementalist, began the quest for the Orb.
     0 | D:1      | Reached XP level 1. HP: 14/14 MP: 3/3
   264 | D:1      | Reached XP level 2. HP: 13/22 MP: 4/4
   635 | D:1      | Reached skill level 3 in Ice Magic
   901 | D:2      | Reached XP level 3. HP: 15/27 MP: 0/8
  1048 | D:2      | Noticed a moth of wrath
  1051 | D:2      | Found a bloodstained altar of Trog.
  1104 | D:2      | Reached skill level 1 in Fighting
  1104 | D:2      | Reached skill level 1 in Armour
  1453 | D:2      | Noticed Crazy Yiuf
  1460 | D:2      | HP: 1/28 [Crazy Yiuf/quarterstaff of chaos (12)]
  1461 | D:2      | Slain by Crazy Yiuf

Action                   || total
-------------------------++-------
Melee: Dagger            ||    96
       Unarmed           ||    15
 Cast: Freeze            ||    40
  Eat: Chunk             ||     2
